cohdb
Replays
Latest Replays
All Replays
Popular Replays
Top Player Replays
Match Explorer
How It Works
Community
CoH3 Stats
Reddit
Sign in to upload your games and track your stats! →
Sign in with Steam
Match 46863939
Unlisted
Match 46863939
Overview
Messages
Build Orders
End
Kradschützen Motorcycle Team
Selects Italian Combined Arms Battlegroup
Selects Bersaglieri Squad
Bersaglieri Squad
Panzergrenadier Squad
Construct Light Support Kompanie
Selects Vehicle Support - Secure Location
2.5-tonne Medical Truck
Fire Support Elements
MG34 Team
Flakvierling Half-track
Selects Vehicle Support - Force Recon
Construct Panzerarmee Kommand
Panzer III L Medium Tank
Advanced Field Repairs
Rapid Advance
Vehicle Survival Package
Selects Semovente da 75/18 Assault Gun
Armored Reserves
Panzerpioneer Squad
le.IG 18 Support Gun Team
Selects Strafing Run
Tungsten Core Ammunition
Selects Artillery Cover
Artillery Cover
Bersaglieri Squad
Assault Grenadier Squad
Panzer IV Assault Group
Flak 36 Anti-tank Gun Team
AI Takeover
Moji_1978
Pablo Escobar
『BlackBear』
schweppes
0
0
Comments
sign in to comment!
No comments posted yet!